 Dungeon Crawl Stone Soup version 0.21.1-1-g345015f (webtiles) character file.

233 Monsterracer the Insei (level 6, -25/63 HPs)
             Began as an Octopode Monk on Feb 11, 2018.
             Annihilated by an ogre
             ... wielding a +0 giant club
              (31 damage)
             ... on level 4 of the Dungeon.
             The game lasted 00:04:58 (3504 turns).

Monsterracer the Insei (Octopode Monk)              Turns: 3504, Time: 00:04:59

Health: -25/63     AC:  1    Str: 16    XL:     6   Next: 5%
Magic:  6/6        EV: 14    Int: 14    God:
Gold:   144        SH:  0    Dex: 14    Spells: 5/5 levels left

rFire    + . .     SeeInvis .     - Unarmed
rCold    + . .     Gourm    .   (no shield)
rNeg     . . .     Faith    .   (helmet restricted)
rPois    .         Spirit   .   (no amulet)
rElec    .         Reflect  .   m - ring of protection from fire {!d}
rCorr    .         Harm     .   j - ring of protection from cold {!d}
MR       .....                  (no ring)
Stlth    ..........             (no ring)
HPRegen  0.20/turn              (no ring)
MPRegen  0.10/turn              (no ring)
                                (no ring)
                                (no ring)

@: berserking, very quick
A: almost no armour, stealthy swim, amphibious, 8 rings, constrict 8, camouflage
1, gelatinous body 1
a: no special abilities


You were on level 4 of the Dungeon.
You were not hungry.

You visited 1 branch of the dungeon, and saw 4 of its levels.

You collected 144 gold pieces.

Inventory:

Jewellery
 j - a ring of protection from cold (right tentacle) {!d}
 m - a ring of protection from fire (left tentacle) {!d}
Wands
 p - a wand of flame (32)
Scrolls
 b - a scroll of teleportation
 e - a scroll of remove curse
 h - a scroll of fog
 r - a scroll of blinking
Potions
 a - 2 potions of lignification
 f - 2 potions of heal wounds
 k - a potion of degeneration {unknown}
 n - a potion of berserk rage {!q}
 o - a potion of agility {unknown}
 t - a potion of invisibility {unknown}
Comestibles
 c - 5 rations
 d - 3 chunks of flesh


   Skills:
 + Level 3.1 Fighting
 + Level 3.1 Dodging
 + Level 3.0 Stealth
 * Level 6.3 Unarmed Combat


You had 5 spell levels left.
You didn't know any spells.

Dungeon Overview and Level Annotations

Branches:
Dungeon (4/15)
 Temple: D:4-7

Altars:
Qazlal
Uskayaw
Zin


Innate Abilities, Weirdness & Mutations

You cannot wear most types of armour.
You are very stealthy in the water. (Stealth+)
You are amphibious.
You can wear up to eight rings at the same time.
You can use your tentacles to constrict eight enemies at once.
Your skin changes colour to match your surroundings (Stealth+).
Your rubbery body absorbs attacks. (AC +1, EV +1)


Message History

Found a ring mail.
As you open the door, it creaks loudly!
There is an open door here.
You open the door.
Found a stone staircase leading up.
There is an open door here.
There is a stone staircase leading up here.
A worm comes into view.
The helpless worm fails to defend itself.
You tentacle-slap the worm. You grab the worm.
The worm is lightly wounded.
You constrict the worm. You bludgeon the worm! Your squeeze misses the worm.
The worm is severely wounded.
You constrict the worm. The worm bites you!
You take 9 damage, and have 27/36 hp.
MASSIVE DAMAGE!!
You are too injured to fight recklessly!
You are too injured to fight recklessly!
You are too injured to fight recklessly!
A worm is nearby!
You tentacle-slap the worm.
You kill the worm!
As you read the scroll labeled KUYMOIN UCLYIBB, it crumbles to dust.
You feel strangely unstable.
It was a scroll of teleportation.
Drop what? 20/52 slots (_ for help) (? for menu, Esc to quit)
Okay, then.
As you read the scroll labeled KUNNULOREH, it crumbles to dust.
The air around you briefly surges with heat, but it dissipates.
It was a scroll of immolation.
As you read the scroll labeled VOSOITH LIALU, it crumbles to dust.
It is a scroll of identify.
n - 2 potions of berserk rage
As you read the scroll of identify, it crumbles to dust.
r - a scroll of blinking Your surroundings suddenly seem different.
An orc wizard comes into view. It is wielding a dagger.
The orc wizard shouts!
The orc wizard miscasts a cantrip.
As you read the scroll of identify, it crumbles to dust.
a - 2 potions of lignification
As you read the scroll of identify, it crumbles to dust.
f - 2 potions of heal wounds
As you read the scroll labeled ZOILIS OCLO, it crumbles to dust.
The scroll dissolves into smoke.
It was a scroll of fog.
The orc wizard begins to cast a cantrip, but forgets the words!
As you read the scroll labeled FIESTI ILOENUNECK, it crumbles to dust.
You hear a loud clanging noise!
It was a scroll of noise.
You hear a shout! x5
As you read the scroll labeled BOGUFR TEIHE, it crumbles to dust.
It is a scroll of enchant armour.
You aren't carrying any armour which can be enchanted further.
As you read the scroll labeled LIUW JYGOPSO, it crumbles to dust.
You feel aware of your surroundings.
You sensed 2 altars.
It was a scroll of magic mapping.
The orc wizard gestures at you while chanting.
The magic dart hits you!
You take 9 damage, and have 20/36 hp.
MASSIVE DAMAGE!!
As you read the scroll labeled ANURUZXUUNK, it crumbles to dust.
It is a scroll of amnesia.
You feel forgetful for a moment.
The orc wizard hits you but does no damage.
Found 13 gold pieces.
You bludgeon the orc wizard! You grab the orc wizard.
You squeeze the orc wizard, but do no damage.
The orc wizard is heavily wounded.
You constrict the orc wizard.
The orc wizard looks encouraged for a moment.
You tentacle-slap the orc wizard.
The orc wizard is almost dead.
You constrict the orc wizard. The orc wizard barely misses you.
You bludgeon the orc wizard!
You kill the orc wizard!
Your Stealth skill increases to level 3!
You have reached level 6!
Your experience leads to an increase in your attributes!
Increase (S)trength, (I)ntelligence, or (D)exterity?
You feel clever.
You regained 4 hp, and now have 24/42 hp.
MP restored: 6
Found a hide-covered altar of Uskayaw.
Things that are here:
a dagger; a robe; an orc corpse You butcher the orc corpse.
d - 3 chunks of flesh
Things that are here:
a dagger; a robe An ogre comes into view.
It is wielding a giant club.
The ogre shouts!
You bludgeon the ogre! You squeeze the ogre.
The ogre is moderately wounded.
The ogre hits you with a giant club!!
Ouch! That really hurt!
* * * LOW HITPOINT WARNING * * *
You take 21 damage, and have 4/42 hp.
MASSIVE DAMAGE!!
Really quaff
n - 2 potions of berserk rage {!q}?
A red film seems to cover your vision as you go berserk!
You feel yourself moving faster!
You feel mighty! The ogre hits you with a giant club!!
You die...

*,,*,,,,,,*,,##§##,,,,,,,*,,,,*
*,,*,,,,,,+,##.§.##,,,,,,*,,,,*
*,,*,,,,,,**#..§§.#,,,,,,+,,,,*
*,,***,,,,,,#...).#,,,,,,******
,,,,,*,,,,,,#.....#***,,,,,*
,,,,,*,,,,,,##...##,,*,,,,,*
,,,,,*,,,,,,#.....#,,*,,,,,*
******,,,,,,#...O.#<,*,,,,,*
,,,,,***'***#...@.#,,*,,,,,*
,,,,,*,,,+,,##.$.##,,*,,,,,*
,,,,>*,,,*,,,##_##*,,*,,,,,*****
,,,,,******,,*##*,*,,*,,,,,,,,,*
*+**,,,,***,,*,,,,*,,*,,,,,,,,,*
,,,*,,,,*,,,,',,,,*,,*,,,,,,,,,*
,,,*,,,,*,,>,*,,,,*,,+,,,,,,,,,*
,>,+,,,,*,,,,*,,,,**+*,,,,,*****
,,,*,,,,*,,,,*,,,,,,,,,,,,,*


You could see an ogre.

Vanquished Creatures
  The ghost of nikopol the Firebug, an amateur DEFE (D:3)
  An orc wizard (D:4)
  4 adders
  2 worms
  2 dart slugs
  7 leopard geckos
  5 orcs (D:3)
  2 ball pythons
  9 bats
  5 giant cockroaches
  6 goblins
  4 hobgoblins
  7 jackals
  2 quokkas (D:2)
  5 frilled lizards
  7 kobolds
  7 rats
76 creatures vanquished.

Notes
Turn   | Place    | Note
-------+----------+-------------------------------------------
     0 | D:1      | Monsterracer the Octopode Monk began the quest for the Orb.
     0 | D:1      | Reached XP level 1. HP: 16/16 MP: 1/1
    86 | D:1      | HP: 8/16 [ball python (2)]
   261 | D:1      | Reached XP level 2. HP: 21/21 MP: 2/2
   352 | D:1      | Reached skill level 4 in Unarmed Combat
   482 | D:1      | Reached XP level 3. HP: 26/26 MP: 3/3
  1349 | D:2      | Reached XP level 4. HP: 29/31 MP: 4/4
  1486 | D:2      | Found a stormy altar of Qazlal.
  1503 | D:2      | Reached skill level 5 in Unarmed Combat
  2072 | D:2      | Found a glowing silver altar of Zin.
  2429 | D:3      | Noticed nikopol's ghost (amateur DEFE)
  2441 | D:3      | HP: 12/31 [nikopol's ghost (5)]
  2444 | D:3      | Killed nikopol's ghost
  2444 | D:3      | Reached skill level 6 in Unarmed Combat
  2444 | D:3      | Reached XP level 5. HP: 9/36 MP: 5/5
  3493 | D:4      | Reached XP level 6. HP: 24/42 MP: 6/6
  3494 | D:4      | Found a hide-covered altar of Uskayaw.
  3503 | D:4      | HP: 4/42 [ogre/giant club (21)]
  3504 | D:4      | Annihilated by an ogre

Skill      XL: |  1  2  3  4  5 |
---------------+----------------+-----
Unarmed Combat | 4 6 |  6.3
Stealth        | 3 |  3.0
Fighting       | |  3.1
Dodging        | |  3.1

Action                   |  1- 3 |  4- 6 || total
-------------------------+-------+-------++-------
Melee: Unarmed           |    88 |    75 ||   163
       Constrict         |    23 |    17 ||    40
       Tentacles         |    11 |    16 ||    27
       Punch             |     1 |     6 ||     7
  Use: Scroll            |       |    12 ||    12
       Potion            |       |     1 ||     1
 Stab: Sleeping          |     7 |     9 ||    16
       Distracted        |     2 |     1 ||     3
  Eat: Chunk             |     1 |     7 ||     8
Armor: Skin              |     8 |     6 ||    14
Dodge: Dodged            |    52 |    39 ||    91

Vault maps used:
D:1:      nagdon_arrival_double_spiral, st_stairs_9
D:2:      zin_treasury, nicolae_qazlal_eye_of_the_storm, minmay_crystal_water,
          serial_bayou_pond_e, corexii_hall_statues_l
D:3:      first_ration
D:4:      kennysheep_mini_moat, marbit_many_paths
